Map: Galactic Process LE

Players

Nerchio - Winner!

  • Race: Zerg Zerg

Scarlett

  • Race: Zerg Zerg

Event: 2016 WCS Summer Circuit Championship (DH Montreal)

VOD

Have the link to the VOD?

Description

Time

  • Played on: Aug. 13, 2016, 3:50 p.m.
  • Length: 13:29

All games in this series

Show
View Real Time Build Order
Export as new Build Order

Nerchio Zerg - Winner!

Build Orders: Pool First 

Get SALT Encoding   

  12  0:00  Drone  
  13  0:22  Spawning Pool  
  13  0:26  Drone  
  13  0:29  Drone  
  13  0:34  Extractor  
  13  0:40  Overlord  
  13  1:09  Queen, Zergling x6  
  18  1:20  Zergling x2  
  18  1:25  Baneling Nest  
  18  1:30  Zergling x2  
  19  1:41  Zergling x2  
  20  1:52  Zergling x2  
  21  2:03  Overlord  
  21  2:10  Baneling x2  
  21  2:21  Drone x4  
  24  2:27  Queen  
  26  2:31  Baneling  
  26  2:33  Baneling  
  26  2:40  Drone  
  27  2:51  Baneling x2  
  25  2:58  Drone x2  
  25  2:59  Drone  
  25  3:04  Baneling  
  25  3:05  Drone  
  29  3:06  Drone  
  30  3:27  Hatchery  
  30  3:29  Drone  
  30  3:36  Baneling  
  30  3:37  Overlord  
  30  3:46  Lair  
  30  3:53  Overlord  
  30  3:56  Drone  
  30  4:00  Drone  
  32  4:03  Drone  
  32  4:07  Drone  
  34  4:18  Drone  
  34  4:20  Drone x3  
  34  4:21  Extractor  
  37  4:30  Drone  
  38  4:41  Drone x2  
  39  4:49  Drone x3, Spire  
  41  4:53  Extractor  
  41  4:54  Drone  
  41  4:56  Extractor  
  41  4:57  Overseer  
  41  4:59  Drone  
  41  5:02  Drone  
  41  5:03  Drone  
  43  5:10  Drone x2  
  43  5:11  Drone  
  46  5:17  Roach Warren  
  45  5:21  Zergling x4  
  45  5:23  Zergling x2  
  48  5:30  Overlord  
  48  5:31  Spine Crawler  
  47  5:43  Overlord  
  47  5:48  Drone x3  
  50  5:51  Drone  
  51  6:03  Roach x5  
  63  6:07  Roach  
  63  6:11  Overlord  
  67  6:13  Overlord  
  63  6:23  Mutalisk x2  
  67  6:31  Mutalisk  
  67  6:32  Mutalisk x3  
  75  6:42  Drone  
  75  6:43  Drone  
  75  6:44  Drone  
  75  6:45  Hatchery  
  77  6:47  Drone  
  77  6:48  Drone  
  79  6:54  Zerg Flyer Armor Level 1  
  79  6:58  Drone  
  79  6:59  Drone  
  79  7:00  Drone  
  82  7:07  Overlord  
  82  7:10  Overlord  
  82  7:13  Extractor  
  75  7:23  Mutalisk x2  
  75  7:28  Mutalisk  
  75  7:29  Mutalisk x2  
  81  7:39  Glial Reconstitution  
  81  7:41  Drone x8  
  81  7:44  Overseer  
  90  7:51  Drone  
  90  7:52  Drone  
  90  7:55  Spore Crawler  
  90  7:56  Evolution Chamber  
  90  7:57  Drone  
  90  8:02  Drone x3  
  90  8:03  Drone  
  90  8:05  Drone x2  
  96  8:06  Drone, Infestation Pit  
  96  8:15  Queen  
  96  8:16  Overlord  
  96  8:17  Extractor  
  99  8:20  Roach x2  
  99  8:21  Roach  
  101  8:38  Roach x2  
  105  8:47  Overlord  
  105  8:48  Hive  
  105  8:49  Zerg Missile Weapons Level 1  
  105  8:50  Overlord  
  105  8:52  Roach x4  
  105  8:53  Overlord  
  105  8:54  Overlord  
  113  8:55  Overlord  
  113  8:57  Overlord x2  
  113  9:02  Overlord  
  113  9:07  Roach x4  
  121  9:13  Roach  
  121  9:14  Roach  
  125  9:19  Roach x3  
  131  9:29  Roach  
  131  9:30  Roach x5  
  139  9:35  Overlord  
  137  9:46  Overseer  
  137  9:47  Overseer  
  137  9:51  Hatchery  
  136  9:53  Evolution Chamber  
  136  9:58  Drone x3  
  138  10:02  Ultralisk Cavern  
  135  10:23  Zerg Melee Weapons Level 1  
  135  10:25  Overlord  
  135  10:43  Zerg Ground Armor Level 1  
  135  10:48  Chitinous Plating  
  141  10:50  Ultralisk x5  
  141  10:51  Extractor  
  141  10:56  Ultralisk  
  170  11:13  Ultralisk  
  176  11:22  Ultralisk  
  180  11:35  Ultralisk  
  184  11:41  Ultralisk  
  184  11:45  Drone x3  
  184  11:46  Drone, Overlord  
  194  11:49  Overlord x3  
  194  11:57  Overlord  
  194  12:00  Extractor  
  183  12:18  Ultralisk x3  
  173  12:25  Ultralisk  
  181  13:20  Hatchery  
Show
View Real Time Build Order
Export as new Build Order

Scarlett Zerg 

Build Orders: Pool First 

Get SALT Encoding   

  12  0:00  Drone  
  13  0:10  Extractor  
  12  0:24  Spawning Pool  
  11  0:30  Drone  
  11  0:34  Drone  
  13  0:42  Drone  
  14  0:54  Overlord  
  14  1:10  Metabolic Boost  
  14  1:12  Zergling x4  
  14  1:15  Zergling x2  
  17  1:27  Queen  
  20  1:32  Zergling x2  
  20  1:43  Baneling Nest  
  19  1:48  Zergling x2  
  19  1:52  Zergling x2  
  21  1:56  Zergling x2  
  22  2:08  Overlord  
  22  2:21  Overlord  
  22  2:30  Baneling x2  
  22  2:31  Baneling x3  
  22  2:40  Drone x2  
  24  2:47  Drone  
  25  2:58  Drone  
  23  3:04  Drone  
  23  3:07  Drone x2  
  23  3:10  Drone  
  25  3:22  Drone  
  25  3:23  Drone  
  27  3:30  Baneling  
  27  3:39  Hatchery  
  26  3:44  Drone  
  26  3:48  Drone x2  
  29  3:57  Drone x2  
  29  3:58  Drone  
  32  4:06  Extractor  
  32  4:08  Lair  
  31  4:17  Drone x2  
  31  4:21  Drone  
  34  4:26  Roach Warren  
  34  4:29  Drone x2  
  35  4:34  Overlord  
  34  4:52  Drone x5  
  39  4:57  Queen  
  41  5:02  Zergling x4  
  41  5:06  Overseer  
  42  5:14  Overlord  
  42  5:17  Roach x3  
  48  5:23  Glial Reconstitution  
  48  5:33  Drone  
  48  5:34  Drone x2  
  51  5:38  Infestation Pit  
  51  5:39  Queen  
  51  5:41  Extractor x2  
  50  5:48  Overlord  
  50  5:49  Queen  
  50  5:52  Drone x2, Overlord  
  54  6:03  Drone x3  
  57  6:11  Drone  
  57  6:12  Drone x4  
  64  6:21  Queen  
  64  6:22  Pathogen Glands  
  64  6:25  Queen  
  66  6:35  Spore Crawler x2  
  64  6:41  Drone  
  64  6:42  Drone, Overlord x2  
  64  6:46  Infestor x2  
  70  6:49  Infestor  
  70  6:52  Infestor  
  74  7:07  Infestor  
  76  7:10  Roach x2  
  80  7:16  Hatchery  
  77  7:23  Roach x4  
  79  7:32  Drone  
  79  7:36  Drone x3  
  81  7:38  Queen  
  81  7:39  Infestor  
  85  7:48  Drone x2  
  87  7:52  Evolution Chamber  
  87  7:54  Evolution Chamber  
  87  7:56  Drone x2  
  87  8:02  Overlord, Roach x2  
  91  8:16  Hive  
  91  8:24  Zerg Missile Weapons Level 1  
  91  8:28  Drone x5  
  93  8:40  Ravager x2  
  93  8:50  Drone x2  
  93  8:51  Drone x2  
  93  8:52  Drone x3  
  100  8:58  Drone x2, Overlord  
  100  8:59  Drone x2  
  104  9:03  Roach  
  104  9:07  Spore Crawler  
  105  9:10  Overlord x2  
  103  9:18  Zerg Ground Armor Level 1  
  103  9:21  Drone  
  103  9:22  Drone x5  
  103  9:32  Drone  
  104  9:45  Ultralisk Cavern  
  104  9:49  Roach  
  104  9:50  Overlord  
  105  9:53  Roach x4  
  113  10:00  Spine Crawler  
  113  10:04  Roach x4  
  120  10:09  Ravager  
  120  10:13  Roach x3  
  126  10:19  Drone x5  
  126  10:20  Drone  
  129  10:26  Zerg Melee Weapons Level 1  
  129  10:34  Drone x6  
  135  10:36  Chitinous Plating  
  135  10:37  Extractor  
  135  10:38  Extractor  
  133  10:46  Drone  
  133  10:47  Drone x4  
  133  10:49  Overlord x3  
  138  11:08  Hatchery  
  137  11:15  Ultralisk x2  
  149  11:30  Ultralisk x2  
  159  11:49  Overlord  
  159  11:50  Overlord x4  
  159  11:52  Overseer  
  159  12:02  Hydralisk Den  
  117  12:34  Hatchery  
  116  12:46  Drone  
  116  12:47  Drone x4  
  121  12:52  Drone  
  121  12:53  Drone  
  121  12:54  Drone x6  
  121  12:55  Drone x5  
Tags
 
Add a new tag
Caveats
  • Supply blocks, unpowered buildings, or Contaminate may cause inaccurate times.
  • Supply counts are checked every 10 seconds.